 Dungeon Crawl Stone Soup version 0.30.0-18-gf1372a6a44 (webtiles) character file.

Game seed: 1353938948107363588

155 qw the Chopper (level 5, -8/32 HPs)
             Began as a Gargoyle Fighter on May 23, 2023.
             Mangled by an ogre
             ... wielding a +0 giant club
              (11 damage)
             ... on level 4 of the Dungeon.
             The game lasted 00:01:08 (2587 turns).

qw the Chopper (Gargoyle Fighter)                   Turns: 2587, Time: 00:01:09

Health: -8/32      AC: 15    Str: 22    XL:     5   Next: 37%
Magic:  5/5        EV:  9    Int:  8    God:
Gold:   87         SH:  4    Dex:  9    Spells: 4/4 levels left

rFire   . . .        Y - +0 war axe (elec)
rCold   . . .        c - +0 buckler
rNeg    + . .        b - +0 scale mail
rPois   inf          i - +2 helmet
rElec   +            (no cloak)
rCorr   .            (no gloves)
SInv    .            g - +0 pair of boots
Will    .....        (no amulet) Stlth
                     (no ring)
HPRegen 0.25/turn    (no ring)
MPRegen 0.09/turn

%: no passive effects
@: no status effects
A: sickness immunity, AC +4, negative energy resistance 1, electricity
resistance, torment resistance 1, petrification resistance
a: no special abilities


You were on level 4 of the Dungeon.
You visited 1 branch of the dungeon, and saw 4 of its levels.

You collected 87 gold pieces.


Innate Abilities, Weirdness & Mutations

You are immune to sickness and miasma.
Your stone body is resilient. (AC +4)
You are immune to poison.
You resist negative energy. (rN+)
You are resistant to electric shocks. (rElec)
You are resistant to unholy torment.
You are immune to petrification.


   Skills:
 - Level 3.2 Fighting
 + Level 4.9 Axes
 - Level 3.2 Armour
 - Level 3.2 Shields


You had 4 spell levels left.
You didn't know any spells.
Your spell library was empty.

Inventory:

Hand Weapons
 j - a +0 morningstar
 Y - a +0 war axe of electrocution (weapon)
Armour
 b - a +0 scale mail (worn)
 c - a +0 buckler (worn)
 g - a +0 pair of boots (worn)
 i - a +2 helmet (worn)
Scrolls
 k - a scroll of identify
Potions
 a - a potion of magic {unknown}
 d - a potion of might
 e - a potion of heal wounds {unknown}
 f - a potion of degeneration {unknown}
 h - a potion of resistance {unknown}
 l - 2 potions of curing
 m - a potion of flight {unknown}

Dungeon Overview and Level Annotations

Branches:
Dungeon (4/15)
 Temple: D:4-7

Altars:

Shops:
D:1 *   D:2 :[(


Message History

2581 ||| Stepping ~*~*~tactically~*~*~ (water).
The adder bites you but does no damage. You block the white imp's attack.
The adder bites you but does no damage.
You hit the adder.
The adder is moderately wounded.
You hit the white imp. You hit the goblin. The white imp hits you.
The white imp freezes you. The adder barely misses you.
The goblin unwields a +0 sling.
The goblin wields a +0 dagger of freezing.
It glows with a cold blue light!
The goblin hits you with a +0 dagger of freezing.
The goblin freezes you. The white imp barely misses you.
You barely miss the adder.
The adder is moderately wounded.
You hit the white imp. You closely miss the goblin.
The adder bites you but does no damage. The goblin hits you but does no damage.
The adder completely misses you. The white imp gestures at you.
The puff of frost hits you but does no damage.
The goblin misses you.
You barely miss the adder.
The adder is moderately wounded.
You hit the white imp. You closely miss the goblin. The adder bites you.
The white imp hits you but does no damage.
The adder bites you but does no damage. The goblin hits you but does no damage.
You hit the white imp but do no damage.
Lightning courses through the white imp!
You kill the white imp!
You hit the adder. You hit the goblin.
You kill the goblin!
You block the adder's attack.
You slash the adder! Lightning courses through the adder!
You kill the adder!
You slash the ogre! The ogre closely misses you.
You barely miss the ogre.
The ogre is heavily wounded.
The ogre hits you with a +0 giant club!
You die... 7

777P~P77777...##
.7P7.P~~~P~77P#...####
..~..~~.~~~~~........##
7~~~~~~~77~P##....#..
7777P~777777##..#####
77~~7 #### # 77~P7 #
7~~77 ##


7@[7 ##. #.O).....# ##.# ...........# ##.## ...#......#..# #..# .. #.........#
#..## ..........# #...# ......$..### ###.. ..........# #.. ##. You could see an
ogre.

Vanquished Creatures
  Robin (D:2)
  3 adders
  3 gnolls (D:3)
  A white imp (D:4)
  A worm (D:2)
  A dart slug (D:1)
  3 orcs (D:3)
  2 ball pythons (D:3)
  4 endoplasms
  2 giant cockroaches
  17 goblins
  7 hobgoblins
  6 jackals
  2 quokkas (D:1)
  4 bats
  A frilled lizard (D:1)
  3 kobolds (D:3)
  5 rats
66 creatures vanquished.

Notes
Turn   | Place    | Note
-------+----------+-------------------------------------------
     0 | D:1      | qw the Gargoyle Fighter began the quest for the Orb.
     0 | D:1      | Reached XP level 1. HP: 14/14 MP: 1/1
     0 | D:1      | 0 ||| qw: Version: 0.2-a-98-g5d7165a
     0 | D:1      | 0 ||| qw: Game counter: 7
     0 | D:1      | 0 ||| qw: Always use a shield: true
     0 | D:1      | 0 ||| qw: God list: Okawaru
     0 | D:1      | 0 ||| qw: Allow faded altars: false
     0 | D:1      | 0 ||| qw: Do Orc after D:15 true
     0 | D:1      | 0 ||| qw: Do second Lair branch before Depths: true
     0 | D:1      | 0 ||| qw: Lair rune preference: random
     0 | D:1      | 0 ||| qw: Plans: Normal, Zot:1-4, God:TSO, Crypt, Tomb,
                  | Pan, Slime:5, Hells, Abyss, Win
     0 | D:1      | 0 ||| PLANNING D:1-11
    45 | D:1      | Reached skill level 2 in Axes
    84 | D:1      | 84 ||| Stepping ~*~*~tactically~*~*~ (hiding).
    90 | D:1      | Found Adeufif's General Store.
   220 | D:1      | 220 ||| SHOPLISTING +1 scale mail of cold resistance (192
                  | gold, have 9).
   220 | D:1      | 220 ||| SHOPLISTING potion of curing (36 gold, have 9).
   220 | D:1      | 220 ||| SHOPLISTING scroll of identify (24 gold, have 9).
   220 | D:1      | 220 ||| SHOPLISTING scroll of teleportation (36 gold, have
                  | 9).
   271 | D:1      | Reached XP level 2. HP: 19/19 MP: 2/2
   326 | D:1      | 326 ||| Stepping ~*~*~tactically~*~*~ (stealth).
   481 | D:1      | 481 ||| Stepping ~*~*~tactically~*~*~ (stealth).
   490 | D:1      | 490 ||| Stepping ~*~*~tactically~*~*~ (stealth).
   607 | D:1      | Reached skill level 3 in Axes
   614 | D:1      | 614 ||| READING scroll labelled JUUTEINAIR.
   615 | D:1      | 615 ||| READING scroll labelled JALOOM GAIFOY.
   616 | D:1      | 616 ||| READING scroll labelled TAMURR JUASUQ.
   617 | D:1      | 617 ||| READING 2 scrolls labelled SELAORGHIARE.
   618 | D:1      | 618 ||| READING scroll labelled INEYJITO SEBU.
   626 | D:2      | 626 ||| STAIRDANCE
   648 | D:2      | Reached XP level 3. HP: 23/23 MP: 3/3
   709 | D:2      | 709 ||| Stepping ~*~*~tactically~*~*~ (hiding).
   827 | D:2      | Found Zyiculo's Antique Armour Shoppe.
   944 | D:2      | Found Exept's Weapon Shoppe.
   952 | D:2      | 952 ||| SHOPLISTING +11 flail "Muvetaci" {spect, Drain rC-
                  | Int+7 Dex+2} (770 gold, have 76).
   952 | D:2      | 952 ||| SHOPLISTING +2 morningstar of protection (168 gold,
                  | have 76).
  1014 | D:2      | 1014 ||| Stepping ~*~*~tactically~*~*~ (stealth).
  1017 | D:2      | Noticed Robin
  1018 | D:2      | 1018 ||| Stepping ~*~*~tactically~*~*~ (hiding).
  1027 | D:2      | Killed Robin
  1028 | D:2      | Reached XP level 4. HP: 20/28 MP: 4/4
  1064 | D:2      | 1064 ||| Stepping ~*~*~tactically~*~*~ (stealth).
  1099 | D:2      | Reached skill level 4 in Axes
  1113 | D:2      | 1113 ||| Stepping ~*~*~tactically~*~*~ (hiding).
  1117 | D:2      | 1117 ||| Stepping ~*~*~tactically~*~*~ (hiding).
  1274 | D:2      | Found Jetheaq's Book Shop.
  1287 | D:2      | 1287 ||| UPGRADING to +2 helmet.
  1292 | D:2      | 1292 ||| READING 2 scrolls labelled PIOPRAITIPT.
  1293 | D:2      | 1293 ||| READING scroll labelled NIGOVA OSHRI.
  1296 | D:2      | 1296 ||| READING 2 scrolls labelled BAG JOUCOAMUA.
  1297 | D:2      | 1297 ||| READING scroll of brand weapon.
  1297 | D:2      | 1297 ||| BRANDING +0 war axe of venom.
  1298 | D:2      | 1298 ||| DROPPING scroll of poison.
  1304 | D:3      | 1304 ||| STAIRDANCE
  1402 | D:3      | 1402 ||| Stepping ~*~*~tactically~*~*~ (stealth).
  1603 | D:3      | Reached XP level 5. HP: 27/32 MP: 5/5
  2053 | D:3      | 2053 ||| Stepping ~*~*~tactically~*~*~ (hiding).
  2475 | D:3      | 2475 ||| UPGRADING to +0 pair of boots.
  2480 | D:3      | 2480 ||| DRINKING 3 sedimented inky potions.
  2580 | D:4      | Noticed an ogre
  2581 | D:4      | 2581 ||| Stepping ~*~*~tactically~*~*~ (water).
  2582 | D:4      | HP: 6/32 [white imp (5)]
  2584 | D:4      | HP: 2/32 [adder (2)]
  2587 | D:4      | Mangled by an ogre

Levels and vault maps discovered:
D:1:      co_arrival_square_in_a_square_in_a_square, layout_basic, serial_shops,
          shop
D:2:      layout_basic, serial_shops, shop, nicolae_shop_back_alley_shop,
          nicolae_shop_statue_plus, hex_intersection, uniq_robin
D:3:      layout_basic
D:4:      layout_layer_cave, serial_bayou, serial_bayou_shore_b,
          serial_bayou_crossing, serial_bayou_ford_a, serial_bayou_pond_b,
          minmay_unequal

Skill      XL: |  1  2  3  4 |
---------------+-------------+-----
Axes           | 2 3 4 |  4.9
Fighting       | |  3.2
Armour         | |  3.2
Shields        | |  3.2

Action                     |  1- 3 |  4- 6 || total
---------------------------+-------+-------++-------
  Melee: War axe           |    76 |   106 ||   182
    Use: Scroll            |     5 |     4 ||     9
         Potion            |       |     1 ||     1
 Armour: Scale mail        |    31 |    63 ||    94
  Dodge: Dodged            |    37 |    44 ||    81
  Block: Buckler           |    13 |    19 ||    32

Table legend:
 A = Non-vault XP
 B = Vault XP
 C = Vault XP percentage of total XP
 D = Non-vault monster count
 E = Vault monster count
 F = Vault count percentage of total count
                 A         B        C        D         E       F
            +---------+---------+-------+---------+---------+-------
      Total |     187 |      35 |  15.8 |      54 |      12 |  18.2
            +---------+---------+-------+---------+---------+-------
        D:1 |      32 |       0 |   0.0 |      17 |       0 |   0.0
        D:2 |      40 |      35 |  46.7 |      14 |      12 |  46.2
        D:3 |      89 |       0 |   0.0 |      20 |       0 |   0.0
        D:4 |      26 |       0 |   0.0 |       3 |       0 |   0.0
            +---------+---------+-------+---------+---------+-------
